 Dungeon Crawl Stone Soup version 0.21.0-24-g2553a33 (webtiles) character file.

2690 tidbits the Magician (level 9, 39/66 HPs)
             Began as a Gnoll Fire Elementalist on Jan 19, 2018.
             Quit the game on level 10 of the Dungeon.
             The game lasted 00:15:34 (2258 turns).

tidbits the Magician (Gnoll Fire Elementalist)      Turns: 2258, Time: 00:15:34

Health: 39/66      AC:  6    Str: 11    XL:     9   Next: 64%
Magic:  19/19      EV: 17    Int: 20    God:
Gold:   247        SH:  6    Dex: 19    Spells: 2/21 levels left

rFire    + . .     SeeInvis .   p - +0 dagger
rCold    . . .     Gourm    .   v - +0 buckler
rNeg     . . .     Faith    .   a - +0 robe
rPois    .         Spirit   .   (no helmet)
rElec    .         Reflect  .   (no cloak)
rCorr    .         Harm     .   G - +0 pair of gloves
MR       .....                  F - +2 pair of boots
Stlth    +++.......             i - amulet of magic regeneration
HPRegen  0.21/turn              y - ring of protection from fire
MPRegen  0.41/turn              z - +3 ring of dexterity

@: no status effects
A: distributed training, fangs 1, strong nose
a: no special abilities


You were on level 10 of the Dungeon.
You were completely stuffed.

You visited 2 branches of the dungeon, and saw 11 of its levels.

You collected 247 gold pieces.

Inventory:

Hand Weapons
 e - a +0 club
 h - a +0 dagger
 p - a +0 dagger (weapon)
 x - a +0 dire flail
Missiles
 m - 54 arrows
Armour
 a - a +0 robe (worn)
 n - a +0 crystal plate armour
 o - a +0 ring mail
 v - a +0 buckler (worn)
 F - a +2 pair of boots (worn)
 G - a +0 pair of gloves (worn)
Magical Staves
 E - an uncursed staff of power {unknown}
   (You found it on level 9 of the Dungeon)
 H - an uncursed staff of earth {unknown}
   (You found it on level 9 of the Dungeon)
Jewellery
 i - an amulet of magic regeneration (around neck)
   (You found it on level 2 of the Dungeon)
 y - a ring of protection from fire (left hand)
   (You found it on level 8 of the Dungeon)
 z - a +3 ring of dexterity (right hand)
   (You found it on level 8 of the Dungeon)
Scrolls
 d - a scroll of random uselessness
 g - a scroll of amnesia
 k - 3 scrolls of teleportation
 q - a scroll of enchant weapon
 r - 4 scrolls of remove curse
 s - a scroll of immolation
 w - a scroll of enchant armour {unknown}
 B - a scroll of silence {unknown}
Potions
 j - 3 potions of curing
 t - 2 potions of haste
 u - 3 potions of heal wounds
 C - 2 potions of cancellation
Books
 b - a book of Flames

   Spells                             Type                      Level
   a - Flame Tongue                   Conjuration/Fire             1
   b - Throw Flame                    Conjuration/Fire             2
   c - Conjure Flame                  Conjuration/Fire             3
   d - Inner Flame                    Hexes/Fire                   3
   e - Sticky Flame                   Conjuration/Fire             4
   f - Fireball                       Conjuration/Fire             5
 f - a book of Changes
   (You found it on level 6 of the Dungeon)

   Spells                             Type                      Level
   a - Beastly Appendage              Transmutation                1
   b - Sticks to Snakes               Transmutation                2
   c - Spider Form                    Transmutation/Poison         3
   d - Ice Form                       Ice/Transmutation            4
   e - Blade Hands                    Transmutation                5
 l - a book of Misfortune
   (You found it on level 2 of the Dungeon)

   Spells                             Type                      Level
   a - Confusing Touch                Hexes                        1
   b - Confuse                        Hexes                        3
   c - Gell's Gravitas                Translocation                3
   d - Petrify                        Transmutation/Earth          4
   e - Metabolic Englaciation         Hexes/Ice                    5
   f - Yara's Violent Unravelling     Hexes/Transmutation          5
 A - a book of Necromancy
   (You found it on level 9 of the Dungeon)

   Spells                             Type                      Level
   a - Pain                           Necromancy                   1
   b - Animate Skeleton               Necromancy                   1
   c - Vampiric Draining              Necromancy                   3
   d - Regeneration                   Charms/Necromancy            3
   e - Animate Dead                   Necromancy                   4
   f - Borgnjor's Vile Clutch         Necromancy/Earth             5
 D - a book of Conjurations
   (You found it on level 7 of the Dungeon)

   Spells                             Type                      Level
   a - Magic Dart                     Conjuration                  1
   b - Searing Ray                    Conjuration                  2
   c - Dazzling Spray                 Conjuration/Hexes            3
   d - Fulminant Prism                Conjuration/Hexes            4
   e - Force Lance                    Conjuration/Translocation    4
   f - Iskenderun's Mystic Blast      Conjuration                  4
Comestibles
 c - 8 rations


   Skills:
 + Level 4.3 Fighting
 + Level 4.3 Short Blades
 + Level 4.3 Long Blades
 + Level 4.3 Axes
 + Level 4.3 Maces & Flails
 + Level 4.3 Polearms
 + Level 4.3 Staves
 + Level 4.3 Slings
 + Level 4.3 Bows
 + Level 4.3 Crossbows
 + Level 4.3 Throwing
 + Level 4.3 Armour
 + Level 6.4 Dodging
 + Level 6.1 Stealth
 + Level 4.3 Shields
 + Level 4.3 Unarmed Combat
 + Level 6.7 Spellcasting
 + Level 4.2 Conjurations
 + Level 3.6 Hexes
 + Level 3.6 Charms
 + Level 3.6 Summonings
 + Level 3.6 Necromancy
 + Level 3.6 Translocations
 + Level 3.6 Transmutations
 + Level 6.6 Fire Magic
 + Level 3.6 Ice Magic
 + Level 3.6 Air Magic
 + Level 3.6 Earth Magic
 + Level 3.6 Poison Magic
 + Level 4.8 Invocations
 + Level 4.3 Evocations


You had 2 spell levels left.
You knew the following spells:

 Your Spells              Type           Power        Failure   Level  Hunger
a - Flame Tongue          Conj/Fire      ####.        1%          1    None
c - Conjure Flame         Conj/Fire      ####....     3%          3    #......
f - Throw Flame           Conj/Fire      ####..       1%          2    None
k - Sticks to Snakes      Tmut           ###.....     3%          2    None
n - Animate Skeleton      Necr           N/A          2%          1    None
r - Regeneration          Chrm/Necr      ###.......   7%          3    #......
t - Sticky Flame          Conj/Fire      ####....     11%         4    ###....
x - Confuse               Hex            ###.....     7%          3    #......


Dungeon Overview and Level Annotations

Branches:
Dungeon (10/15)            Temple (1/1) D:6
   Lair: D:8-11         Orc: D:9-12

Altars:
Ashenzari
Dithmenos
Fedhas
Gozag
Kikubaaqudgha
Makhleb
Nemelex Xobeh
Qazlal
Ru
Sif Muna
Trog
Uskayaw
Vehumet
Wu Jian
Xom
Yredelemnul
Zin
The Shining One

Shops:
D:8 =

Annotations:
D:5 1 transporter
D:6 Blork the orc


Innate Abilities, Weirdness & Mutations

Your experience applies equally to all skills.
You have very sharp teeth.
Your uncanny sense of smell can sniff out nearby items.


Message History

The hungry ghost is heavily damaged.
Your gnoll skeleton misses the hungry ghost.
Casting: Throw Flame
Confirm with . or Enter, or press ? or * to list all spells.
Aiming: Flame Tongue
Press: ? - help, Shift-Dir - straight line, f/p - hungry ghost
Aim: a hungry ghost (heavily damaged) Really fire in your gnoll skeleton's direction?
Okay, then.
Casting: Flame Tongue
Confirm with . or Enter, or press ? or * to list all spells.
Aiming: Flame Tongue
Press: ? - help, Shift-Dir - straight line, f/p - hungry ghost
Aim: a hungry ghost (heavily damaged)
The flame tongue hits the hungry ghost.
The hungry ghost is heavily damaged.
Your gnoll skeleton hits the hungry ghost with a spear.
Casting: Flame Tongue
Confirm with . or Enter, or press ? or * to list all spells.
Aiming: Flame Tongue
Press: ? - help, Shift-Dir - straight line, f/p - hungry ghost
Aim: a hungry ghost (heavily damaged)
The flame tongue hits the hungry ghost.
The hungry ghost is almost destroyed.
Your gnoll skeleton hits the hungry ghost from afar with a spear.
The hungry ghost is destroyed!
You see here a crooked jewelled staff.
H - a crooked jewelled staff A killer bee comes into view.
Your magical contamination has completely faded away.
Found 18 gold pieces.
A scorpion comes into view.
Found a chain mail.
The scorpion stings you but does no damage.
You hit the scorpion but do no damage. The scorpion stings you.
You hit the scorpion but do no damage. The scorpion closely misses you.
Casting: Flame Tongue
Confirm with . or Enter, or press ? or * to list all spells.
Aiming: Flame Tongue
Press: ? - help, Shift-Dir - straight line, f - scorpion
Aim: a scorpion The flame tongue hits the scorpion.
The scorpion is heavily wounded.
You block the scorpion's attack.
Casting: Flame Tongue
Confirm with . or Enter, or press ? or * to list all spells.
Aiming: Flame Tongue
Press: ? - help, Shift-Dir - straight line, f/p - scorpion
Aim: a scorpion (heavily wounded)
The flame tongue hits the scorpion.
The scorpion appears unharmed.
The scorpion is heavily wounded.
You block the scorpion's attack.
Your gnoll skeleton barely misses the scorpion.
Casting: Flame Tongue
Confirm with . or Enter, or press ? or * to list all spells.
Aiming: Flame Tongue
Press: ? - help, Shift-Dir - straight line, f/p - scorpion
Aim: a scorpion (heavily wounded)
The flame tongue hits the scorpion.
The scorpion is heavily wounded.
The scorpion stings you!
Casting: Flame Tongue
Confirm with . or Enter, or press ? or * to list all spells.
Aiming: Flame Tongue
Press: ? - help, Shift-Dir - straight line, f/p - scorpion
Aim: a scorpion (heavily wounded)
The flame tongue hits the scorpion.
You kill the scorpion!
Found 11 gold pieces.
Found a stone staircase leading down.
Found 8 gold pieces.
You see here 18 gold pieces.
You now have 221 gold pieces (gained 18).
You see here 11 gold pieces.
You now have 232 gold pieces (gained 11).
There is a stone staircase leading down here.
Magic restored.
You climb downwards.
Your mindless thrall stays behind.
A worker ant and a quasit come into view.
Found 15 gold pieces.
There is a stone staircase leading up here.
The helpless quasit fails to defend itself.
You stick the quasit like a pincushion!!!
You kill the quasit!
You see here 15 gold pieces.
The helpless worker ant fails to defend itself.
You spit the worker ant like a pig!!!
You kill the worker ant!
You now have 247 gold pieces (gained 15).
You open the door.
There is an open door here.
You open the door.
Found 10 gold pieces.
There is an open door here.
Something hits you but does no damage. Something hits you.
Something hits you but does no damage. You block something's attack.
Something hits you but does no damage.
Unknown command.
Unknown command.
Are you sure you want to abandon this character and quit the game? (Confirm with "yes".)

#.........#
+.........#
#.........#
#.<.......#
######'####
##.# #..#
##'#####
#..@...#
#......#
#......#
#......#
+......#
#....$.#
#......#
#......#
#......#


There were no monsters in sight!

Vanquished Creatures
  2 two-headed ogres
  Prince Ribbit (D:5)
  Menkaure (D:5)
  A black bear (D:8)
  A phantom (D:6)
  An ice beast (D:5)
  An ogre (D:4)
  A centaur (D:6)
  3 bullfrogs
  A scorpion (D:9)
  A quasit (D:10)
  A centaur skeleton (D:7)
  A bullfrog skeleton (D:2)
  A hound (D:6)
  Natasha (D:3)
  2 iguanas
  3 worker ants
  3 gnolls (D:9)
  2 adders
  An adder skeleton (D:6)
  An adder zombie (D:5)
  2 worms (D:2)
  2 leopard geckos
  6 orcs
  2 giant cockroaches
  3 goblins
  3 hobgoblins
  5 jackals
  3 quokkas
  A ball python (D:1)
  3 bats
  2 frilled lizards
  A jackal zombie (D:5)
  3 rats
66 creatures vanquished.

Vanquished Creatures (collateral kills)
  A hungry ghost (D:9)
1 creature vanquished.

Grand Total: 67 creatures vanquished

Notes
Turn   | Place    | Note
-------+----------+-------------------------------------------
     0 | D:1      | tidbits the Gnoll Fire Elementalist began the quest for the Orb.
     0 | D:1      | Reached XP level 1. HP: 13/13 MP: 6/6
   106 | D:1      | Reached skill level 2 in Conjurations
   301 | D:1      | Reached XP level 2. HP: 19/19 MP: 5/7
   452 | D:2      | Reached skill level 5 in Spellcasting
   452 | D:2      | Reached skill level 1 in Invocations
   452 | D:2      | Reached XP level 3. HP: 15/25 MP: 2/9
   553 | D:2      | Reached skill level 1 in Fighting
   553 | D:2      | Reached skill level 1 in Short Blades
   553 | D:2      | Reached skill level 1 in Long Blades
   553 | D:2      | Reached skill level 1 in Axes
   553 | D:2      | Reached skill level 1 in Maces & Flails
   553 | D:2      | Reached skill level 1 in Polearms
   553 | D:2      | Reached skill level 1 in Staves
   553 | D:2      | Reached skill level 1 in Slings
   553 | D:2      | Reached skill level 1 in Bows
   553 | D:2      | Reached skill level 1 in Crossbows
   553 | D:2      | Reached skill level 1 in Throwing
   553 | D:2      | Reached skill level 1 in Armour
   553 | D:2      | Reached skill level 1 in Shields
   553 | D:2      | Reached skill level 1 in Unarmed Combat
   553 | D:2      | Reached skill level 1 in Evocations
   559 | D:2      | Reached XP level 4. HP: 30/32 MP: 6/11
   644 | D:3      | Noticed Natasha
   654 | D:3      | Killed Natasha
   720 | D:3      | Noticed a bullfrog
   725 | D:3      | Killed a bullfrog
   725 | D:3      | Reached skill level 1 in Hexes
   725 | D:3      | Reached skill level 1 in Charms
   725 | D:3      | Reached skill level 1 in Summonings
   725 | D:3      | Reached skill level 1 in Necromancy
   725 | D:3      | Reached skill level 1 in Translocations
   725 | D:3      | Reached skill level 1 in Transmutations
   725 | D:3      | Reached skill level 1 in Ice Magic
   725 | D:3      | Reached skill level 1 in Air Magic
   725 | D:3      | Reached skill level 1 in Earth Magic
   725 | D:3      | Reached skill level 1 in Poison Magic
   725 | D:3      | Reached XP level 5. HP: 8/37 MP: 7/12
   795 | D:4      | Noticed an ogre
   802 | D:3      | Found an ornate altar of the Wu Jian Council.
   821 | D:3      | Found a hide-covered altar of Uskayaw.
   969 | D:4      | Learned a level 4 spell: Sticky Flame
   972 | D:4      | Learned a level 2 spell: Throw Flame
   976 | D:4      | Learned a level 3 spell: Conjure Flame
  1008 | D:4      | Noticed an ogre
  1013 | D:4      | Killed an ogre
  1013 | D:4      | Reached skill level 2 in Invocations
  1013 | D:4      | Reached XP level 6. HP: 44/44 MP: 4/13
  1024 | D:5      | Entered Level 5 of the Dungeon
  1024 | D:5      | Found a transporter.
  1057 | D:5      | Noticed Prince Ribbit
  1065 | D:5      | Killed Prince Ribbit
  1065 | D:5      | Reached skill level 2 in Fighting
  1065 | D:5      | Reached skill level 2 in Short Blades
  1065 | D:5      | Reached skill level 2 in Long Blades
  1065 | D:5      | Reached skill level 2 in Axes
  1065 | D:5      | Reached skill level 2 in Maces & Flails
  1065 | D:5      | Reached skill level 2 in Polearms
  1065 | D:5      | Reached skill level 2 in Staves
  1065 | D:5      | Reached skill level 2 in Slings
  1065 | D:5      | Reached skill level 2 in Bows
  1065 | D:5      | Reached skill level 2 in Crossbows
  1065 | D:5      | Reached skill level 2 in Throwing
  1065 | D:5      | Reached skill level 2 in Armour
  1065 | D:5      | Reached skill level 5 in Dodging
  1065 | D:5      | Reached skill level 2 in Shields
  1065 | D:5      | Reached skill level 2 in Unarmed Combat
  1065 | D:5      | Reached skill level 2 in Evocations
  1065 | D:5      | Reached XP level 7. HP: 21/50 MP: 5/15
  1135 | D:5      | Noticed Menkaure
  1145 | D:5      | Killed Menkaure
  1145 | D:5      | Reached skill level 3 in Conjurations
  1145 | D:5      | Reached skill level 2 in Hexes
  1145 | D:5      | Reached skill level 2 in Charms
  1145 | D:5      | Reached skill level 2 in Summonings
  1145 | D:5      | Reached skill level 2 in Necromancy
  1145 | D:5      | Reached skill level 2 in Translocations
  1145 | D:5      | Reached skill level 2 in Transmutations
  1145 | D:5      | Reached skill level 2 in Ice Magic
  1145 | D:5      | Reached skill level 2 in Air Magic
  1145 | D:5      | Reached skill level 2 in Earth Magic
  1145 | D:5      | Reached skill level 2 in Poison Magic
  1224 | D:6      | Found a staircase to the Ecumenical Temple.
  1237 | D:6      | Reached skill level 5 in Stealth
  1237 | D:6      | Reached skill level 3 in Invocations
  1259 | D:6      | Noticed Blork the orc
  1264 | Temple   | Entered the Ecumenical Temple
  1408 | D:6      | Reached skill level 6 in Fire Magic
  1408 | D:6      | Reached XP level 8. HP: 49/57 MP: 5/16
  1449 | D:6      | Reached skill level 3 in Fighting
  1449 | D:6      | Reached skill level 3 in Short Blades
  1449 | D:6      | Reached skill level 3 in Long Blades
  1449 | D:6      | Reached skill level 3 in Axes
  1449 | D:6      | Reached skill level 3 in Maces & Flails
  1449 | D:6      | Reached skill level 3 in Polearms
  1449 | D:6      | Reached skill level 3 in Staves
  1449 | D:6      | Reached skill level 3 in Slings
  1449 | D:6      | Reached skill level 3 in Bows
  1449 | D:6      | Reached skill level 3 in Crossbows
  1449 | D:6      | Reached skill level 3 in Throwing
  1449 | D:6      | Reached skill level 3 in Armour
  1449 | D:6      | Reached skill level 3 in Shields
  1449 | D:6      | Reached skill level 3 in Unarmed Combat
  1449 | D:6      | Reached skill level 3 in Evocations
  1458 | D:6      | Learned a level 2 spell: Sticks to Snakes
  1547 | D:8      | Found Qeykoly's Jewellery Boutique.
  1633 | D:8      | Noticed a two-headed ogre
  1639 | D:8      | Killed a two-headed ogre
  1639 | D:8      | Reached skill level 6 in Dodging
  1639 | D:8      | Reached skill level 6 in Spellcasting
  1639 | D:8      | Reached skill level 3 in Hexes
  1639 | D:8      | Reached skill level 3 in Charms
  1639 | D:8      | Reached skill level 3 in Summonings
  1639 | D:8      | Reached skill level 3 in Necromancy
  1639 | D:8      | Reached skill level 3 in Translocations
  1639 | D:8      | Reached skill level 3 in Transmutations
  1639 | D:8      | Reached skill level 3 in Ice Magic
  1639 | D:8      | Reached skill level 3 in Air Magic
  1639 | D:8      | Reached skill level 3 in Earth Magic
  1639 | D:8      | Reached skill level 3 in Poison Magic
  1639 | D:8      | Reached skill level 4 in Invocations
  1639 | D:8      | Reached XP level 9. HP: 15/65 MP: 9/18
  1732 | D:6      | Found a bloodstained altar of Trog.
  1751 | D:7      | Learned a level 3 spell: Confuse
  2151 | D:9      | Learned a level 3 spell: Regeneration
  2153 | D:9      | Learned a level 1 spell: Animate Skeleton
  2158 | D:9      | Noticed a two-headed ogre
  2170 | D:9      | Killed a two-headed ogre
  2170 | D:9      | Reached skill level 4 in Fighting
  2170 | D:9      | Reached skill level 4 in Short Blades
  2170 | D:9      | Reached skill level 4 in Long Blades
  2170 | D:9      | Reached skill level 4 in Axes
  2170 | D:9      | Reached skill level 4 in Maces & Flails
  2170 | D:9      | Reached skill level 4 in Polearms
  2170 | D:9      | Reached skill level 4 in Staves
  2170 | D:9      | Reached skill level 4 in Slings
  2170 | D:9      | Reached skill level 4 in Bows
  2170 | D:9      | Reached skill level 4 in Crossbows
  2170 | D:9      | Reached skill level 4 in Throwing
  2170 | D:9      | Reached skill level 4 in Armour
  2170 | D:9      | Reached skill level 6 in Stealth
  2170 | D:9      | Reached skill level 4 in Shields
  2170 | D:9      | Reached skill level 4 in Unarmed Combat
  2170 | D:9      | Reached skill level 4 in Conjurations
  2170 | D:9      | Reached skill level 4 in Evocations
  2240 | D:10     | Entered Level 10 of the Dungeon
  2258 | D:10     | Quit the game

Skill      XL: |  1  2  3  4  5  6  7  8  9 |
---------------+----------------------------+-----
Conjurations   | 2 3 4 |  4.2
Spellcasting   | 5 6 |  6.7
Invocations    | 1 2 3 4 |  4.8
Fighting       | 1 2 3 4 |  4.3
Short Blades   | 1 2 3 4 |  4.3
Long Blades    | 1 2 3 4 |  4.3
Axes           | 1 2 3 4 |  4.3
Maces & Flails | 1 2 3 4 |  4.3
Polearms       | 1 2 3 4 |  4.3
Staves         | 1 2 3 4 |  4.3
Slings         | 1 2 3 4 |  4.3
Bows           | 1 2 3 4 |  4.3
Crossbows      | 1 2 3 4 |  4.3
Throwing       | 1 2 3 4 |  4.3
Armour         | 1 2 3 4 |  4.3
Shields        | 1 2 3 4 |  4.3
Unarmed Combat | 1 2 3 4 |  4.3
Evocations     | 1 2 3 4 |  4.3
Hexes          | 1 2 3 |  3.6
Charms         | 1 2 3 |  3.6
Summonings     | 1 2 3 |  3.6
Necromancy     | 1 2 3 |  3.6
Translocations | 1 2 3 |  3.6
Transmutations | 1 2 3 |  3.6
Ice Magic      | 1 2 3 |  3.6
Air Magic      | 1 2 3 |  3.6
Earth Magic    | 1 2 3 |  3.6
Poison Magic   | 1 2 3 |  3.6
Dodging        | 5 6 |  6.4
Stealth        | 5 6 |  6.1
Fire Magic     | 6 |  6.6

Action                   |  1- 3 |  4- 6 |  7- 9 || total
-------------------------+-------+-------+-------++-------
Melee: Club              |     1 |     2 |       ||     3
       Bite              |     1 |       |       ||     1
       Dagger            |       |       |    17 ||    17
 Cast: Flame Tongue      |    37 |    55 |    65 ||   157
       Throw Flame       |       |     3 |    14 ||    17
       Sticky Flame      |       |     1 |     7 ||     8
       Conjure Flame     |       |       |     1 ||     1
       Animate Skeleton  |       |       |     1 ||     1
  Use: Scroll            |       |       |    14 ||    14
       Potion            |       |       |     2 ||     2
 Stab: Sleeping          |       |       |     8 ||     8
  Eat: Ration            |     1 |     1 |     2 ||     4
Armor: Robe              |     1 |     3 |    10 ||    14
Dodge: Dodged            |     9 |    18 |    30 ||    57
Block: Buckler           |       |       |     8 ||     8

Table legend:
 A = Turns spent in this place as a percentage of turns spent in the entire game.
 B = Non-inter-level travel turns spent in this place as a percentage of non-inter-level travel turns spent in the entire game.
 C = Inter-level travel turns spent in this place as a percentage of turns spent in this place.
 D = Turns resting spent in this place as a percentage of non-inter-level travel turns spent in this place.
 E = Turns spent auto-exploring this place as a percentage of non-inter-level travel turns spent in this place.
 F = Non-inter-level travel turns spent in this place divided by the number of levels of this place that you've seen.
                   A       B       C       D       E      F
               +-------+-------+-------+-------+-------+----------------------
         Total | 100.0 | 100.0 |   4.3 |   0.0 |   0.0 | 196.4
       Dungeon |  95.8 |  96.0 |   4.2 |   0.0 |   0.0 | 207.3
        Temple |   4.2 |   4.0 |   8.4 |   0.0 |   0.0 |  87.0
               +-------+-------+-------+-------+-------+----------------------

Table legend:
 A = Kills in this place as a percentage of kills in entire the game.
 B = Kills by you in this place as a percentage of kills by you in the entire game.
 C = Kills by friends in this place as a percentage of kills by friends in the entire game.
 D = Other kills in this place as a percentage of other kills in the entire game.
 E = Experience gained in this place as a percentage of experience gained in the entire game.
 F = Experience gained in this place divided by the number of levels of this place that you have seen.
                   A       B       C       D       E      F
               +-------+-------+-------+-------+-------+----------------------
         Total | 100.0 | 100.0 | 100.0 |   N/A | 100.0 | 349.4
       Dungeon | 100.0 | 100.0 | 100.0 |   N/A | 100.0 | 384.3
               +-------+-------+-------+-------+-------+----------------------

Vault maps used:
D:1:      dpeg_chamrin_arrival_tetris
D:3:      lemuel_crystal_altar, nicolae_overflow_crystal_walls, uniq_natasha
D:4:      old_standard_altar, first_ration
D:5:      gammafunk_wand_slinger, uniq_prince_ribbit1, uniq_menkaure
D:6:      kennysheep_spiral_hall, minmay_temple_entry_statues, basic_altar,
          uniq_blork_the_orc
D:7:      the_bakery, grunt_gozag_breadcrumbs
D:8:      serial_shops, nicolae_shop_crystal
D:9:      kennysheep_mini, gammafunk_temple_overflow_wave
D:10:     uniq_gastronok, uniq_erica
Temple:   eino_temple_rhombus
